 Dungeon Crawl Stone Soup version 0.30-a0-586-g23e55c9e0a (webtiles) character file.

Game seed: 9636037700822630081

124 bande the Covered (level 5, -5/33 HPs)
             Began as a Gargoyle Fighter on Jan 3, 2023.
             Killed from afar by Sigmund (18 damage)
             ... with a bolt of dispelling energy
             ... on level 3 of the Dungeon.
             The game lasted 00:03:02 (1809 turns).

bande the Covered (Gargoyle Fighter)                Turns: 1809, Time: 00:03:02

Health: -5/33      AC: 14    Str: 19    XL:     5   Next: 8%
Magic:  5/5        EV:  7    Int:  9    God:
Gold:   120        SH:  4    Dex: 11    Spells: 4/4 levels left

rFire   . . .      SeeInvis .    a - +0 war axe
rCold   . . .      Faith    .    c - +0 buckler
rNeg    + . .      Spirit   .    q - +0 chain mail
rPois   ∞          Reflect  .    j - +0 helmet
rElec   +          Harm     .    (no cloak)
rCorr   .          Rampage  .    (no gloves)
Will    .....                    (no boots) Stlth
                                 (no amulet)
HPRegen 0.25/turn                (no ring)
MPRegen 0.09/turn                (no ring)

@: no status effects
A: sickness immunity, AC +4, negative energy resistance 1, electricity
resistance, torment resistance 1, petrification resistance
a: no special abilities


You were on level 3 of the Dungeon.
You visited 1 branch of the dungeon, and saw 3 of its levels.

You collected 120 gold pieces.

Inventory:

Hand Weapons
 a - a +0 war axe (weapon)
Armour
 c - a +0 buckler (worn)
 j - a +0 helmet (worn)
 q - a +0 chain mail (worn)
Scrolls
 l - 4 scrolls of identify
 n - a scroll of butterflies {unknown}
 o - a scroll of vulnerability {unknown}
 p - a scroll of fear {unknown}
Potions
 d - a potion of might
 e - 2 potions of attraction {unknown}
 f - 3 potions of curing
 g - a potion of mutation {unknown}
 h - a potion of cancellation {unknown}
 i - a potion of ambrosia {unknown}
 k - a potion of heal wounds {unknown}
 m - a potion of degeneration {unknown}


   Skills:
 + Level 3.8 Fighting
 + Level 3.4 Axes
 + Level 4.0 Armour
 + Level 3.9 Shields


You had 4 spell levels left.
You didn't know any spells.
Your spell library contained the following spells:

 Spells                   Type           Power      Damage    Failure   Level
 Portal Projectile        Hex/Tloc       0%         N/A       100%        3
 Tukima's Dance           Hex            0%         N/A       100%        3
 Blade Hands              Tmut           0%         N/A       100%        5


Dungeon Overview and Level Annotations

Branches:
Dungeon (3/15)

Altars:

Annotations:
D:3 Ijyb, Sigmund


Innate Abilities, Weirdness & Mutations

You are immune to sickness and miasma.
Your stone body is resilient. (AC +4)
You are immune to poison.
You resist negative energy. (rN+)
You are resistant to electric shocks. (rElec)
You are resistant to unholy torment.
You are immune to petrification.


Message History

An orc comes into view. It is wielding a +0 whip.
The kobold hits you with a +0 whip.
Sigmund mumbles some strange words.
Sigmund flickers and vanishes!
Deactivating autopickup; reactivate with Ctrl-A.
The orc completely misses you.
The orc shouts!
You hit the orc.
The orc is almost dead.
You hit the kobold. The orc hits you with a +0 club.
You block the kobold's attack. The orc hits you with a +0 club.
The kobold hits you with a +0 whip. The orc barely misses you.
You hear a zap.
A bolt of dispelling energy appears from out of thin air!
The bolt of dispelling energy hits the kobold!!
The kobold dies!
The bolt of dispelling energy hits you!
You are too injured to fight recklessly!
You are too injured to fight recklessly!
You are too injured to fight recklessly!
You are too injured to fight recklessly!
You are too injured to fight recklessly!
You are too injured to fight recklessly!
You are too injured to fight recklessly!
You are too injured to fight recklessly!
You are too injured to fight recklessly!
Unknown command.
You hit the orc.
You kill the orc!
You slash the orc!
You kill the orc!
A puff of flame appears from out of thin air!
The puff of flame misses you.
Unknown command.
You completely miss Ijyb.
You hear a zap.
A bolt of dispelling energy appears from out of thin air!
The bolt of dispelling energy hits you!!
Ouch! That really hurt!
You die...

.# #.# .. ..#
#######..... .. #.#
#........... #. #.#
#...##...... #. #.#
#.#.#...... #. #.#
#.#....).. .
.#.####.###.#.#..####...
.......).........)......
>...............@go.....
..##......##..#..)...#..
..#######.##..#.........
$......))....?.....{...!
#.####.####.............
#.# #...##........ #<#
##..##........
#.............##........
#...##.#.###...


You could see Ijyb and an orc.

Vanquished Creatures
  An orc wizard (D:3)
  3 gnolls (D:2)
  3 adders
  A dart slug (D:1)
  5 orcs (D:3)
  5 bats
  An endoplasm (D:1)
  3 goblins (D:1)
  3 hobgoblins
  2 kobolds (D:1)
  4 quokkas
  3 ball pythons
  2 frilled lizards (D:2)
  2 rats
38 creatures vanquished.

Vanquished Creatures (others)
  A kobold (D:3)
1 creature vanquished.

Grand Total: 39 creatures vanquished

Notes
Turn   | Place    | Note
-------+----------+-------------------------------------------
     0 | D:1      | bande the Gargoyle Fighter began the quest for the Orb.
     0 | D:1      | Reached XP level 1. HP: 14/14 MP: 1/1
   337 | D:1      | Reached XP level 2. HP: 13/19 MP: 2/2
   922 | D:2      | Reached XP level 3. HP: 23/23 MP: 3/3
   939 | D:2      | Reached XP level 4. HP: 13/28 MP: 4/4
  1795 | D:3      | Reached skill level 4 in Armour
  1795 | D:3      | Reached XP level 5. HP: 30/33 MP: 5/5
  1800 | D:3      | Noticed Ijyb
  1801 | D:3      | Paralysed by Ijyb for 2 turns
  1803 | D:3      | Noticed Sigmund
  1809 | D:3      | Killed from afar by Sigmund

Illustrated notes

Levels and vault maps discovered:
D:1:      evilmike_arrival_crescent, layout_loops_corners, fountainhead
D:2:      layout_basic
D:3:      layout_basic, minitemple, uniq_sigmund, uniq_ijyb, uniq_terence

Skill      XL: |  1  2  3  4 |
---------------+-------------+-----
Axes           | 2 3 |  3.4
Armour         | 4 |  4.0
Fighting       | |  3.8
Shields        | |  3.9

Action                   |  1- 3 |  4- 6 || total
-------------------------+-------+-------++-------
Melee: War axe           |    67 |    74 ||   141
  Use: Scroll            |     2 |       ||     2
Armor: Scale mail        |    40 |    16 ||    56
       Chain mail        |       |    52 ||    52
Dodge: Dodged            |    43 |    28 ||    71
Block: Buckler           |    18 |    18 ||    36

Table legend: (Time is in decaauts)
 A = Elapsed time spent in this place.
 B = Non-inter-level travel time spent in this place.
 C = Inter-level travel time spent in this place.
 D = Time resting spent in this place.
 E = Time spent auto-exploring this place.
 F = Levels seen in this place.
 G = Mean time per level.
                   A        B        C        D        E       F      G
               +--------+--------+--------+--------+--------+-----+--------+
         Total |   1866 |   1847 |     19 |    160 |   1232 |   3 |  622.0 |
       Dungeon |   1866 |   1847 |     19 |    160 |   1232 |   3 |  622.0 |
               +--------+--------+--------+--------+--------+-----+--------+

Top non-repeatable levels by time:
     D:1: 881 daAuts
     D:2: 873 daAuts
     D:3: 111 daAuts
